TOP OF THE 1ST |
Red Deer Wranglers batting - Pitching for Menlo Maniacs : RHP Jeff Davis
|
Pitching: RHP Jeff Davis
|
|
Batting: RHB Tom Rowe
|
0-0: Bunted foul 0-1: Ball 1-1: Ball 2-1: Ball 3-1: Base on Balls
|
Batting: RHB Paul Swift
|
0-0: Ball 1-0: Called Strike 1-1: Ball 2-1: Ball 3-1: Base on Balls Tom Rowe to second
|
Batting: LHB Greg Nelson
|
0-0: Foul Ball, location: 2F 0-1: Foul Ball, location: 2F 0-2: SINGLE (Line Drive, 56) Tom Rowe to third Paul Swift to second Runner from 3rd tries for Home, SAFE, no throw or cutoff
|
Batting: LHB Fred Abrams
|
0-0: Foul Ball, location: 2F 0-1: Called Strike 0-2: Foul Ball, location: 2F 0-2: Ball 1-2: Foul Ball, location: 2F 1-2: Foul Ball, location: 2F 1-2: TRIPLE (Flyball, 9LD) Paul Swift scores Greg Nelson scores
|
Batting: LHB Enrico Vargas
|
0-0: Ball 1-0: Called Strike 1-1: SINGLE (Flyball, 8LS) Fred Abrams scores
|
Batting: LHB Jorge Olvera
|
0-0: Called Strike Enrico Vargas steals 2nd base 0-1: Ball 1-1: Ball 2-1: Foul Ball, location: 2F 2-2: Foul Ball, location: 2F 2-2: Strikes out looking
|
Batting: RHB Carlos Peńa
|
0-0: Called Strike 0-1: Ball 1-1: Swinging Strike 1-2: Ball 2-2: Foul Ball, location: 2F 2-2: Strikes out swinging
|
Batting: LHB Andrew Veeck
|
0-0: Ground out 1-3 (Groundball, 15)
|
Top of the 1st over - 4 run(s), 3 hit(s), 0 error(s), 1 left on base; Red Deer 4 - Menlo 0 |
BOTTOM OF THE 1ST |
Menlo Maniacs batting - Pitching for Red Deer Wranglers : RHP William Bryan
|
Pitching: RHP William Bryan
|
|
Batting: RHB Daryl Floyd
|
0-0: Ball 1-0: Called Strike 1-1: Called Strike 1-2: Ball 2-2: Strikes out swinging
|
Batting: RHB Jesús Cuevas
|
0-0: Ball 1-0: Foul Ball, location: 2F 1-1: SINGLE (Groundball, 56D)
|
Batting: LHB Arthur Hall
|
0-0: Swinging Strike 0-1: Ball 1-1: Ground out U3 (Groundball, 3S) Jesús Cuevas to second
|
Batting: LHB Marcos Pérez
|
0-0: Called Strike 0-1: Foul Ball, location: 2F 0-2: Ball 1-2: Ball 2-2: Ground out 1-3 (Groundball, 13S)
|
Bottom of the 1st over - 0 run(s), 1 hit(s), 0 error(s), 1 left on base; Red Deer 4 - Menlo 0 |
TOP OF THE 2ND |
Red Deer Wranglers batting - Pitching for Menlo Maniacs : RHP Jeff Davis
|
Batting: RHB Juan Carlos Alfonzo
|
0-0: Ball 1-0: Foul Ball, location: 2F 1-1: Ball 2-1: Fly out, F8 (Flyball, 8LXD)
|
Batting: RHB Tom Rowe
|
0-0: Called Strike 0-1: Ball 1-1: Swinging Strike 1-2: Ball 2-2: Fly out, F8 (Flyball, 8LM)
|
Batting: RHB Paul Swift
|
0-0: Foul Ball, location: 2F 0-1: Ball 1-1: Foul Ball, location: 2F 1-2: Ball 2-2: SINGLE (Line Drive, 34)
|
Batting: LHB Greg Nelson
|
0-0: Foul Ball, location: 2F 0-1: Ball 1-1: Ball 2-1: Foul Ball, location: 2F 2-2: Fly out, F5 (Popup, 5F)
|
Top of the 2nd over - 0 run(s), 1 hit(s), 0 error(s), 1 left on base; Red Deer 4 - Menlo 0 |
BOTTOM OF THE 2ND |
Menlo Maniacs batting - Pitching for Red Deer Wranglers : RHP William Bryan
|
Batting: RHB Júlio Trinidad
|
0-0: Ball 1-0: DOUBLE (Line Drive, 9LM)
|
Batting: LHB Keith Green
|
0-0: Called Strike 0-1: SINGLE (Line Drive, 8RS) Júlio Trinidad to third
|
Batting: LHB Marcos Vázquez
|
0-0: Ball 1-0: Fielders Choice at 2nd, 1-6 (Groundball, 15)
|
Batting: RHB Robert Downing
|
0-0: Foul Ball, location: 2F 0-1: Ball 1-1: Ball 2-1: Swinging Strike 2-2: Strikes out swinging
|
Batting: RHB Gilberto León
|
0-0: Called Strike 0-1: Swinging Strike 0-2: Foul Ball, location: 2F 0-2: Strikes out looking
|
Bottom of the 2nd over - 0 run(s), 2 hit(s), 0 error(s), 2 left on base; Red Deer 4 - Menlo 0 |
TOP OF THE 3RD |
Red Deer Wranglers batting - Pitching for Menlo Maniacs : RHP Jeff Davis
|
Batting: LHB Fred Abrams
|
0-0: Called Strike 0-1: Foul Ball, location: 2F 0-2: Strikes out looking
|
Batting: LHB Enrico Vargas
|
0-0: SINGLE (Line Drive, 89S)
|
Batting: LHB Jorge Olvera
|
0-0: Ball 1-0: Ball 2-0: Ball 3-0: Called Strike 3-1: Base on Balls Enrico Vargas to second
|
Batting: RHB Carlos Peńa
|
0-0: Foul Ball, location: 2F 0-1: Grounds into double play, 6-4-3 (Groundball, 6)
|
Top of the 3rd over - 0 run(s), 1 hit(s), 0 error(s), 1 left on base; Red Deer 4 - Menlo 0 |
BOTTOM OF THE 3RD |
Menlo Maniacs batting - Pitching for Red Deer Wranglers : RHP William Bryan
|
Batting: RHB Daryl Floyd
|
0-0: Ball 1-0: Foul Ball, location: 2F 1-1: SINGLE (Line Drive, 4M)
|
Batting: RHB Jesús Cuevas
|
0-0: Fielders Choice at 2nd, 3-6 (Groundball, 3)
|
Batting: LHB Arthur Hall
|
0-0: Ball 1-0: Ball 2-0: Ball 3-0: Called Strike 3-1: Called Strike 3-2: Base on Balls Jesús Cuevas to second
|
Batting: LHB Marcos Pérez
|
0-0: Swinging Strike 0-1: Ball 1-1: SINGLE (Line Drive, 34) Jesús Cuevas to third Arthur Hall to second
|
Batting: RHB Júlio Trinidad
|
0-0: Foul Ball, location: 2F 0-1: SINGLE (Line Drive, 8RS) Jesús Cuevas scores Arthur Hall to third Marcos Pérez to second Runner from 3rd tries for Home, SAFE, no throw or cutoff
|
Batting: LHB Keith Green
|
0-0: Ground out 3-1 (Groundball, 34) Marcos Pérez to third Júlio Trinidad to second
|
Batting: LHB Marcos Vázquez
|
0-0: Ball 1-0: Ball 2-0: Swinging Strike 2-1: Ball 3-1: Swinging Strike 3-2: SINGLE (Groundball, 34) Marcos Pérez scores Júlio Trinidad to third Júlio Trinidad scores
|
Batting: RHB Robert Downing
|
0-0: Called Strike 0-1: Ball 1-1: Called Strike 1-2: Ball 2-2: Ball 3-2: Base on Balls Marcos Vázquez to second
|
Batting: RHB Gilberto León
|
0-0: Fly out, F9 (Flyball, 89M)
|
Bottom of the 3rd over - 4 run(s), 4 hit(s), 0 error(s), 2 left on base; Red Deer 4 - Menlo 4 |
TOP OF THE 4TH |
Red Deer Wranglers batting - Pitching for Menlo Maniacs : RHP Jeff Davis
|
Batting: LHB Andrew Veeck
|
0-0: Ball 1-0: Swinging Strike 1-1: Foul Ball, location: 2F 1-2: Ball 2-2: Foul Ball, location: 2F 2-2: SINGLE (Flyball, 7S)
|
Batting: RHB Juan Carlos Alfonzo
|
0-0: Ball 1-0: Swinging Strike 1-1: Called Strike 1-2: Grounds into double play, 6-4-3 (Groundball, 6)
|
Batting: RHB Tom Rowe
|
0-0: Called Strike 0-1: Fly out, F9 (Flyball, 89S)
|
Top of the 4th over - 0 run(s), 1 hit(s), 0 error(s), 0 left on base; Red Deer 4 - Menlo 4 |
BOTTOM OF THE 4TH |
Menlo Maniacs batting - Pitching for Red Deer Wranglers : RHP William Bryan
|
Batting: RHB Daryl Floyd
|
0-0: Foul Ball, location: 2F 0-1: Called Strike 0-2: Fly out, F4 (Line Drive, 34)
|
Batting: RHB Jesús Cuevas
|
0-0: Reached on error, E4 (Groundball, 4)
|
Batting: LHB Arthur Hall
|
0-0: Called Strike 0-1: Fly out, F7 (Flyball, 7M)
|
Batting: LHB Marcos Pérez
|
0-0: Called Strike 0-1: Called Strike Jesús Cuevas steals 2nd base 0-2: Fly out, F7 (Flyball, 7LD)
|
Bottom of the 4th over - 0 run(s), 0 hit(s), 1 error(s), 1 left on base; Red Deer 4 - Menlo 4 |
TOP OF THE 5TH |
Red Deer Wranglers batting - Pitching for Menlo Maniacs : RHP Jeff Davis
|
Batting: RHB Paul Swift
|
0-0: Ball 1-0: DOUBLE (Line Drive, 5D)
|
Batting: LHB Greg Nelson
|
0-0: Ball 1-0: Called Strike 1-1: Ball 2-1: Ball 3-1: Fly out, F3 (Popup, 3SF)
|
Batting: LHB Fred Abrams
|
0-0: Called Strike 0-1: Foul Ball, location: 2F 0-2: Ball 1-2: Ball 2-2: Strikes out swinging
|
Batting: LHB Enrico Vargas
|
0-0: Fly out, F9 (Flyball, 89XD)
|
Top of the 5th over - 0 run(s), 1 hit(s), 0 error(s), 1 left on base; Red Deer 4 - Menlo 4 |
BOTTOM OF THE 5TH |
Menlo Maniacs batting - Pitching for Red Deer Wranglers : RHP William Bryan
|
Batting: RHB Júlio Trinidad
|
0-0: Ball 1-0: Ball 2-0: Ball 3-0: Called Strike 3-1: Base on Balls
|
Batting: LHB Keith Green
|
0-0: Called Strike 0-1: Swinging Strike 0-2: Ball 1-2: Strikes out swinging
|
Batting: LHB Marcos Vázquez
|
0-0: Ball 1-0: Swinging Strike 1-1: Swinging Strike 1-2: Strikes out swinging
|
Batting: RHB Robert Downing
|
0-0: Called Strike 0-1: Fielders Choice at 2nd, U6 (Groundball, 6M)
|
Bottom of the 5th over - 0 run(s), 0 hit(s), 0 error(s), 1 left on base; Red Deer 4 - Menlo 4 |
TOP OF THE 6TH |
Red Deer Wranglers batting - Pitching for Menlo Maniacs : RHP Jeff Davis
|
Pitching: RHP Domingo Franco
|
|
Batting: LHB Jorge Olvera
|
0-0: Ball 1-0: Ball 2-0: Ball 3-0: Base on Balls
|
Batting: RHB Carlos Peńa
|
0-0: Ball 1-0: Grounds into double play, 6-4-3 (Groundball, 6)
|
Batting: LHB Andrew Veeck
|
0-0: Ball 1-0: Swinging Strike 1-1: Ball 2-1: Ball 3-1: Base on Balls
|
Batting: RHB Juan Carlos Alfonzo
|
0-0: Called Strike 0-1: Foul Ball, location: 2F 0-2: Strikes out looking
|
Top of the 6th over - 0 run(s), 0 hit(s), 0 error(s), 1 left on base; Red Deer 4 - Menlo 4 |
BOTTOM OF THE 6TH |
Menlo Maniacs batting - Pitching for Red Deer Wranglers : RHP William Bryan
|
Batting: RHB Gilberto León
|
0-0: Swinging Strike 0-1: Called Strike 0-2: Strikes out swinging
|
Batting: RHB Daryl Floyd
|
0-0: Called Strike 0-1: Ball 1-1: Called Strike 1-2: SOLO HOME RUN (Flyball, 7D), Distance : 390 ft
|
Batting: RHB Jesús Cuevas
|
0-0: Called Strike 0-1: Ball 1-1: Foul Ball, location: 2F 1-2: Strikes out swinging
|
Batting: LHB Arthur Hall
|
0-0: Foul Ball, location: 2F 0-1: Called Strike 0-2: Fly out, F8 (Flyball, 8RD)
|
Bottom of the 6th over - 1 run(s), 1 hit(s), 0 error(s), 0 left on base; Red Deer 4 - Menlo 5 |
TOP OF THE 7TH |
Red Deer Wranglers batting - Pitching for Menlo Maniacs : RHP Domingo Franco
|
Batting: RHB Tom Rowe
|
0-0: Called Strike 0-1: SINGLE (Line Drive, 89S)
|
Batting: RHB Paul Swift
|
0-0: Ball 1-0: Ball 2-0: Ball 3-0: Called Strike 3-1: Base on Balls Tom Rowe to second
|
Batting: LHB Greg Nelson
|
0-0: Called Strike Tom Rowe is caught stealing 3rd base Paul Swift to second 0-1: Ball 1-1: Ball 2-1: Ball 3-1: Base on Balls
|
Batting: LHB Fred Abrams
|
0-0: Fly out, F7 (Flyball, 7S)
|
Batting: LHB Enrico Vargas
|
0-0: Swinging Strike 0-1: Ball 1-1: Foul Ball, location: 2F 1-2: Ball 2-2: Strikes out swinging
|
Top of the 7th over - 0 run(s), 1 hit(s), 0 error(s), 2 left on base; Red Deer 4 - Menlo 5 |
BOTTOM OF THE 7TH |
Menlo Maniacs batting - Pitching for Red Deer Wranglers : RHP William Bryan
|
Pitching: LHP Manuel Gil
|
|
Batting: LHB Marcos Pérez
|
0-0: Ball 1-0: Ball 2-0: Fly out, F7 (Flyball, 7D)
|
Batting: RHB Júlio Trinidad
|
0-0: Foul Ball, location: 2F 0-1: Foul Ball, location: 2F 0-2: Ball 1-2: Ground out 6-3 (Groundball, 6M)
|
Batting: LHB Keith Green
|
0-0: SINGLE (Groundball, 34)
|
Pinch Hitting: RHB Bob Campbell
|
0-0: Called Strike 0-1: Ball 1-1: Ball 2-1: Foul Ball, location: 2F 2-2: Strikes out swinging
|
Bottom of the 7th over - 0 run(s), 1 hit(s), 0 error(s), 1 left on base; Red Deer 4 - Menlo 5 |
TOP OF THE 8TH |
Red Deer Wranglers batting - Pitching for Menlo Maniacs : RHP Domingo Franco
|
Pitching: RHP David Bishop
|
|
Now in LF: Bob Campbell
|
|
Batting: LHB Jorge Olvera
|
0-0: Called Strike 0-1: Ball 1-1: Hit by Pitch
|
Batting: RHB Carlos Peńa
|
0-0: Sac Bunt - play at first, batter OUT! 1-4 Jorge Olvera to second
|
Pitching: RHP Steve Poe
|
|
Batting: LHB Andrew Veeck
|
0-0: Foul Ball, location: 2F 0-1: Ball 1-1: Ball 2-1: Foul Ball, location: 2F 2-2: Foul Ball, location: 2F 2-2: Fly out, F6 (Popup, 6)
|
Batting: RHB Juan Carlos Alfonzo
|
0-0: Ground out 5-3 (Groundball, 5S)
|
Top of the 8th over - 0 run(s), 0 hit(s), 0 error(s), 1 left on base; Red Deer 4 - Menlo 5 |
BOTTOM OF THE 8TH |
Menlo Maniacs batting - Pitching for Red Deer Wranglers : LHP Manuel Gil
|
Batting: RHB Robert Downing
|
0-0: Ball 1-0: Called Strike 1-1: Ground out 5-3 (Groundball, 56S)
|
Batting: RHB Gilberto León
|
0-0: Foul Ball, location: 2F 0-1: Called Strike 0-2: Strikes out swinging
|
Batting: RHB Daryl Floyd
|
0-0: Ball 1-0: Ball 2-0: Ball 3-0: Called Strike 3-1: Base on Balls
|
Pinch Hitting: RHB Steve Sampson
|
0-0: Ball 1-0: Called Strike 1-1: Swinging Strike 1-2: Ground out 6-3 (Groundball, 6M)
|
Bottom of the 8th over - 0 run(s), 0 hit(s), 0 error(s), 1 left on base; Red Deer 4 - Menlo 5 |
TOP OF THE 9TH |
Red Deer Wranglers batting - Pitching for Menlo Maniacs : RHP Steve Poe
|
Pitching: RHP James Jones
|
|
Now at SS: Paul Hardy
|
|
Batting: RHB Tom Rowe
|
0-0: Called Strike 0-1: Ball 1-1: Foul Ball, location: 2F 1-2: Ball 2-2: Ball 3-2: Foul Ball, location: 2F 3-2: Base on Balls
|
Batting: RHB Paul Swift
|
0-0: Ball 1-0: Ball 2-0: Ball 3-0: Base on Balls Tom Rowe to second
|
Batting: LHB Greg Nelson
|
0-0: Called Strike 0-1: Foul Ball, location: 2F 0-2: Ball 1-2: Strikes out looking
|
Pinch Hitting: LHB Del Kennedy
|
0-0: Fly out, F8 (Flyball, 8LM)
|
Batting: LHB Enrico Vargas
|
0-0: Foul Ball, location: 2F 0-1: Ground out 4-3 (Groundball, 4)
|
Top of the 9th over - 0 run(s), 0 hit(s), 0 error(s), 2 left on base; Red Deer 4 - Menlo 5 |
|